MLB
COLORADO ROCKIES @ SEATTLE MARINERS
09/17/2046
 
TOP OF THE 1ST
Colorado Rockies batting - Pitching for Seattle Mariners : RHP Bas Kooy
Pitching: RHP Bas Kooy
Batting: SHB Chris Blue 0-0: Ball
1-0: Swinging Strike
1-1: Called Strike
1-2: Strikes out swinging
Batting: SHB Jon Munoz 0-0: Ball
1-0: Ground out 2-3 (Groundball, 2R, EV 68.1 MPH)
Batting: SHB Eddie Quinones 0-0: Ball
1-0: Swinging Strike
1-1: Called Strike
1-2: Fly out, F9 (Line Drive, 9S, EV 95.6 MPH)
Top of the 1st over - 0 runs, 0 hits, 0 errors, 0 left on base; Colorado 0 - Seattle 0
BOTTOM OF THE 1ST
Seattle Mariners batting - Pitching for Colorado Rockies : RHP Jaden Mackey
Pitching: RHP Jaden Mackey
Batting: LHB Dae-ik Yoon 0-0: DOUBLE (Groundball, 5L, EV 110.6 MPH)
Batting: LHB Bi-jun Chien 0-0: Ball
1-0: TRIPLE (Flyball, 9LD, EV 89.4 MPH)
Dae-ik Yoon scores
Batting: RHB Tony Vargas 0-0: Ball
1-0: Ball
2-0: Foul Ball, location: 2F
2-1: 2-RUN HOME RUN (Flyball, 89XD, EV 100.0 MPH), Distance : 409 ft
Batting: RHB Bobby Larson 0-0: Ground out 5-3 (Groundball, 5L, EV 80.0 MPH)
Batting: RHB Jose Vasquez 0-0: Ball
1-0: Foul Ball, location: 2F
1-1: Foul Ball, location: 2F
1-2: Fly out, F7 (Flyball, 7, EV 91.9 MPH)
Batting: RHB Harutomi Matsubara 0-0: Foul Ball, location: 2F
0-1: Ground out 6-3 (Groundball, 6D, EV 108.8 MPH)
Bottom of the 1st over - 3 runs, 3 hits, 0 errors, 0 left on base; Colorado 0 - Seattle 3
TOP OF THE 2ND
Colorado Rockies batting - Pitching for Seattle Mariners : RHP Bas Kooy
Batting: RHB Jason Andrews 0-0: Ball
1-0: SINGLE (Line Drive, 6MD, EV 105.6 MPH)
Batting: RHB Sterling Acosta 0-0: Grounds into double play, 5-4-3 (Groundball, 56, EV 91.2 MPH)
Batting: LHB Greg Valenzuela 0-0: Called Strike
0-1: Ball
1-1: Called Strike
1-2: Ground out 4-3 (Groundball, 4, EV 80.0 MPH)
Top of the 2nd over - 0 runs, 1 hit, 0 errors, 0 left on base; Colorado 0 - Seattle 3
BOTTOM OF THE 2ND
Seattle Mariners batting - Pitching for Colorado Rockies : RHP Jaden Mackey
Batting: RHB Jimmy Hammertime 0-0: DOUBLE (Flyball, 89D, EV 104.4 MPH)
Batting: RHB Corey Ottinger 0-0: Sac Bunt to 13 - play at third, runner OUT! 1-5
Batting: LHB Jerrod Cluck 0-0: Swinging Strike
0-1: Called Strike
0-2: Ball
1-2: DOUBLE (Line Drive, 89D, EV 100.0 MPH)
Corey Ottinger to third
Batting: LHB Dae-ik Yoon 0-0: Ground out 5-3 (Groundball, 5, EV 100.0 MPH)
Batting: LHB Bi-jun Chien 0-0: Ball
1-0: Ground out 5-3 (Groundball, 56, EV 101.9 MPH)
Bottom of the 2nd over - 0 runs, 2 hits, 0 errors, 2 left on base; Colorado 0 - Seattle 3
TOP OF THE 3RD
Colorado Rockies batting - Pitching for Seattle Mariners : RHP Bas Kooy
Batting: SHB Bobby Santor 0-0: SINGLE (Groundball, 6MS, EV 63.8 MPH) (infield hit)
Batting: LHB Fabiano Perrolas 0-0: Ball
1-0: Ball
2-0: Foul Ball, location: 2F
2-1: Fly out, F9 (Flyball, 9, EV 90.6 MPH)
Batting: RHB Chad Thompson 0-0: Called Strike
0-1: Ball
1-1: Foul Ball, location: 2F
1-2: Foul Ball, location: 2F
1-2: Ball
2-2: Grounds into double play, 2-6-3 (Groundball, 2R, EV 73.8 MPH)
Top of the 3rd over - 0 runs, 1 hit, 0 errors, 0 left on base; Colorado 0 - Seattle 3
BOTTOM OF THE 3RD
Seattle Mariners batting - Pitching for Colorado Rockies : RHP Jaden Mackey
Batting: RHB Tony Vargas 0-0: Foul Ball, location: 2F
0-1: Foul Ball, location: 2F
0-2: Ball
1-2: Ball
2-2: Ball
3-2: Foul Ball, location: 2F
3-2: Fly out, F7 (Flyball, 78S, EV 90.0 MPH)
Batting: RHB Bobby Larson 0-0: Ball
1-0: Ball
2-0: Ball
3-0: Called Strike
3-1: SINGLE (Flyball, 78S, EV 96.2 MPH)
Batting: RHB Jose Vasquez 0-0: Ball
1-0: Ball
2-0: Called Strike
2-1: SINGLE (Line Drive, 89S, EV 111.9 MPH)
Bobby Larson to second
Batting: RHB Harutomi Matsubara 0-0: Foul Ball, location: 2F
0-1: Ball
1-1: Called Strike
1-2: Ball
2-2: Ball
3-2: Fly out, F9 (Flyball, 9, EV 83.1 MPH)
Lined into DP, 9-6 (Flyball, 9, EV 83.1 MPH)
Bottom of the 3rd over - 0 runs, 2 hits, 0 errors, 1 left on base; Colorado 0 - Seattle 3
TOP OF THE 4TH
Colorado Rockies batting - Pitching for Seattle Mariners : RHP Bas Kooy
Batting: SHB Chris Blue 0-0: Ball
1-0: Reached on error, E4 (Groundball, 4, EV 88.8 MPH)
Batting: SHB Jon Munoz 0-0: Ball
1-0: Ball
2-0: Ball
3-0: Base on Balls
Chris Blue to second
Batting: SHB Eddie Quinones 0-0: Called Strike
0-1: Fly out, F8 (Line Drive, 8LM, EV 90.0 MPH)
Batting: RHB Jason Andrews 0-0: Ground out 5-3 (Groundball, 5L, EV 109.4 MPH)
Chris Blue to third
Jon Munoz to second
Batting: RHB Sterling Acosta 0-0: Swinging Strike
0-1: Ball
1-1: Called Strike
1-2: Strikes out swinging
Top of the 4th over - 0 runs, 0 hits, 1 error, 2 left on base; Colorado 0 - Seattle 3
BOTTOM OF THE 4TH
Seattle Mariners batting - Pitching for Colorado Rockies : RHP Jaden Mackey
Batting: RHB Jimmy Hammertime 0-0: Ball
1-0: Called Strike
1-1: Ball
2-1: Foul Ball, location: 2F
2-2: Fly out, F4 (Popup, 4S, EV 78.1 MPH)
Batting: RHB Corey Ottinger 0-0: Called Strike
0-1: Ground out 5-3 (Groundball, 56, EV 79.4 MPH)
Batting: LHB Jerrod Cluck 0-0: Foul Ball, location: 2F
0-1: SINGLE (Groundball, 3S, EV 66.9 MPH) (infield hit)
Batting: LHB Dae-ik Yoon 0-0: Called Strike
0-1: Foul Ball, location: 2F
0-2: Ball
1-2: SINGLE (Groundball, 34D, EV 104.4 MPH)
Jerrod Cluck to second
Runner from 2nd tries for 3rd, SAFE, throw by RF made to third
Dae-ik Yoon to second
Batting: LHB Bi-jun Chien 0-0: Called Strike
0-1: Fly out, F2 (Popup, 2R, EV 93.1 MPH)
Bottom of the 4th over - 0 runs, 2 hits, 0 errors, 2 left on base; Colorado 0 - Seattle 3
TOP OF THE 5TH
Colorado Rockies batting - Pitching for Seattle Mariners : RHP Bas Kooy
Batting: LHB Greg Valenzuela 0-0: Foul Ball, location: 2F
0-1: Called Strike
0-2: Ball
1-2: SINGLE (Line Drive, 5D, EV 94.4 MPH)
Batting: SHB Bobby Santor 0-0: Called Strike
0-1: Foul Ball, location: 2F
0-2: Ball
1-2: Strikes out swinging
Batting: LHB Fabiano Perrolas 0-0: Ball
1-0: Called Strike
Greg Valenzuela is caught stealing 2nd base 2-6
1-1: Foul Ball, location: 2F
1-2: Strikes out swinging
Top of the 5th over - 0 runs, 1 hit, 0 errors, 0 left on base; Colorado 0 - Seattle 3
BOTTOM OF THE 5TH
Seattle Mariners batting - Pitching for Colorado Rockies : RHP Jaden Mackey
Batting: RHB Tony Vargas 0-0: Ball
1-0: Ball
2-0: Ball
3-0: Ground out 5-3 (Groundball, 5S, EV 86.2 MPH)
Batting: RHB Bobby Larson 0-0: Swinging Strike
0-1: Ground out 5-3 (Groundball, 5S, EV 85.6 MPH)
Batting: RHB Jose Vasquez 0-0: Ball
1-0: Ball
2-0: Called Strike
2-1: Foul Ball, location: 2F
2-2: Ground out 6-3 (Groundball, 6, EV 103.8 MPH)
Bottom of the 5th over - 0 runs, 0 hits, 0 errors, 0 left on base; Colorado 0 - Seattle 3
TOP OF THE 6TH
Colorado Rockies batting - Pitching for Seattle Mariners : RHP Bas Kooy
Batting: RHB Chad Thompson 0-0: Foul Ball, location: 2F
0-1: Swinging Strike
0-2: Strikes out looking
Batting: SHB Chris Blue 0-0: Ball
1-0: Ball
2-0: Swinging Strike
2-1: Called Strike
2-2: Ball
3-2: Strikes out looking
Batting: SHB Jon Munoz 0-0: SOLO HOME RUN (Flyball, 78XD, EV 98.8 MPH), Distance : 399 ft
Batting: SHB Eddie Quinones 0-0: Ball
1-0: Foul Ball, location: 2F
1-1: Ground out U3 (Groundball, 3, EV 86.2 MPH)
Top of the 6th over - 1 run, 1 hit, 0 errors, 0 left on base; Colorado 1 - Seattle 3
BOTTOM OF THE 6TH
Seattle Mariners batting - Pitching for Colorado Rockies : RHP Jaden Mackey
Batting: RHB Harutomi Matsubara 0-0: Ball
1-0: Called Strike
1-1: DOUBLE (Line Drive, 3D, EV 111.2 MPH)
Batting: RHB Jimmy Hammertime 0-0: Called Strike
0-1: Ground out 6-3 (Groundball, 6, EV 90.6 MPH)
Harutomi Matsubara to third
Batting: RHB Corey Ottinger 0-0: Ball
1-0: Called Strike
1-1: Ball
2-1: Ground out 6-3 (Groundball, 6, EV 78.8 MPH)
Harutomi Matsubara scores
Batting: LHB Jerrod Cluck 0-0: Swinging Strike
0-1: Swinging Strike
0-2: Ball
1-2: Strikes out looking
Bottom of the 6th over - 1 run, 1 hit, 0 errors, 0 left on base; Colorado 1 - Seattle 4
TOP OF THE 7TH
Colorado Rockies batting - Pitching for Seattle Mariners : RHP Bas Kooy
Batting: RHB Jason Andrews 0-0: Ball
1-0: Ball
2-0: Called Strike
2-1: Ground out 6-3 (Groundball, 6, EV 96.9 MPH)
Batting: RHB Sterling Acosta 0-0: Foul Ball, location: 2F
0-1: Ball
1-1: Ball
2-1: SOLO HOME RUN (Flyball, 9LD, EV 94.4 MPH), Distance : 334 ft
Pitching: RHP William de Jesus
Batting: LHB Greg Valenzuela 0-0: Ball
1-0: Ground out 4-3 (Groundball, 4, EV 76.9 MPH)
Batting: SHB Bobby Santor 0-0: Called Strike
0-1: Ball
1-1: Swinging Strike
1-2: Foul Ball, location: 2F
1-2: Ball
2-2: Strikes out swinging
Top of the 7th over - 1 run, 1 hit, 0 errors, 0 left on base; Colorado 2 - Seattle 4
BOTTOM OF THE 7TH
Seattle Mariners batting - Pitching for Colorado Rockies : RHP Jaden Mackey
Batting: LHB Dae-ik Yoon 0-0: Swinging Strike
0-1: Ball
1-1: Swinging Strike
1-2: Ball
2-2: Ball
3-2: Base on Balls
Batting: LHB Bi-jun Chien 0-0: Ball
1-0: Ball
2-0: Sac Bunt to 15 - play at first, batter OUT! 1-3
Dae-ik Yoon to second
Batting: RHB Tony Vargas 0-0: Foul Ball, location: 2F
0-1: Ball
1-1: Ball
2-1: Ball
3-1: Base on Balls
Pitching: RHP Victor Walshe
Batting: RHB Bobby Larson 0-0: Foul Ball, location: 2F
0-1: Swinging Strike
0-2: SINGLE (Groundball, 6MD, EV 108.8 MPH)
Dae-ik Yoon to third
Tony Vargas to second
Runner from 3rd tries for Home, throw by CF and OUT! 8-2
Batting: RHB Jose Vasquez 0-0: Ball
1-0: Foul Ball, location: 2F
1-1: Ball
2-1: Fielders Choice at 2nd, 6-4 (Groundball, 6, EV 88.8 MPH)
Bottom of the 7th over - 0 runs, 1 hit, 0 errors, 2 left on base; Colorado 2 - Seattle 4
TOP OF THE 8TH
Colorado Rockies batting - Pitching for Seattle Mariners : RHP William de Jesus
Batting: LHB Fabiano Perrolas 0-0: Called Strike
0-1: Fly out, F8 (Line Drive, 8RD, EV 93.8 MPH)
Batting: RHB Chad Thompson 0-0: Swinging Strike
0-1: Ground out 4-3 (Groundball, 34, EV 103.1 MPH)
Batting: SHB Chris Blue 0-0: Ball
1-0: Called Strike
1-1: Called Strike
1-2: Ball
2-2: Ball
3-2: Ground out 4-3 (Groundball, 34D, EV 87.5 MPH)
Top of the 8th over - 0 runs, 0 hits, 0 errors, 0 left on base; Colorado 2 - Seattle 4
BOTTOM OF THE 8TH
Seattle Mariners batting - Pitching for Colorado Rockies : RHP Victor Walshe
Batting: RHB Harutomi Matsubara 0-0: Called Strike
0-1: Ball
1-1: Ball
2-1: Foul Ball, location: 2F
2-2: Foul Ball, location: 2F
2-2: Ball
3-2: SINGLE (Groundball, 34D, EV 102.5 MPH)
Batting: RHB Jimmy Hammertime 0-0: Called Strike
0-1: Swinging Strike
0-2: Fly out, F9 (Flyball, 89D, EV 79.4 MPH)
Batting: RHB Corey Ottinger 0-0: Swinging Strike
0-1: Called Strike
0-2: Strikes out swinging
Batting: LHB Jerrod Cluck Pickoff Throw to First - Error! E1
Harutomi Matsubara to second
0-0: Ball
1-0: Called Strike
1-1: Fly out, F8 (Flyball, 78D, EV 88.8 MPH)
Bottom of the 8th over - 0 runs, 1 hit, 1 error, 1 left on base; Colorado 2 - Seattle 4
TOP OF THE 9TH
Colorado Rockies batting - Pitching for Seattle Mariners : RHP William de Jesus
Batting: SHB Jon Munoz 0-0: Ball
1-0: Foul Ball, location: 2F
1-1: Swinging Strike
1-2: Ball
2-2: Ground out 4-3 (Groundball, 4, EV 85.0 MPH)
Batting: SHB Eddie Quinones 0-0: Ball
1-0: Foul Ball, location: 2F
1-1: Ball
2-1: Swinging Strike
2-2: Ball
3-2: Foul Ball, location: 2F
3-2: Foul Ball, location: 2F
3-2: Strikes out looking
Batting: RHB Jason Andrews 0-0: Ball
1-0: Called Strike
1-1: Swinging Strike
1-2: Strikes out looking
Top of the 9th over - 0 runs, 0 hits, 0 errors, 0 left on base; Colorado 2 - Seattle 4
Tuesday, September 13th , 2022 - OOTP Baseball 23.7 Build 88